Selects Airborne Battlegroup
Construct Weapon Support Center
Selects Paratrooper Squad Paradrop
Paratrooper Squad Paradrop
Mechanized Support Center
Paratrooper Squad Paradrop
M3 Armored Personnel Carrier
Selects Anti-tank Gun Team Paradrop
Anti-tank Gun Team Paradrop
M4A1(76) Sherman Medium Tank
M16 Multiple Gun Motor Carriage
M4A1(76) Sherman Medium Tank
Selects Carpet Bombing Run
Anti-tank Gun Team Paradrop
Paratrooper Squad Paradrop
M3 Armored Personnel Carrier
M4A1(76) Sherman Medium Tank